 Dungeon Crawl Stone Soup version 0.27-a0-506-g2188dfaaa0 (webtiles) character file.

Game seed: 7362258844732146130

83 ReteAZ the Grasshopper (level 4, -7/38 HPs)
             Began as a Gnoll Wanderer on Mar 3, 2021.
             Mangled by an ogre
             ... wielding a +0 giant spiked club
              (27 damage)
             ... on level 4 of the Dungeon.
             The game lasted 00:04:01 (3259 turns).

ReteAZ the Grasshopper (Gnoll Wanderer)             Turns: 3259, Time: 00:04:02

Health: -7/38      AC:  3    Str: 10    XL:     4   Next: 44%
Magic:  11/11      EV: 16    Int: 11    God:
Gold:   202        SH:  0    Dex: 14    Spells: 13/13 levels left

rFire    . . .     SeeInvis .   t - +2 quarterstaff (spect)
rCold    . . .     Faith    .   (shield currently unavailable)
rNeg     . . .     Spirit   .   s - +0 robe {Archmagi}
rPois    .         Reflect  .   (no helmet)
rElec    .         Harm     .   (no cloak)
rCorr    .         Rampage  .   h - +0 pair of gloves
Will     .....                  (no boots)
Stlth    ++........             (no amulet)
HPRegen  0.12/turn              j - +4 ring of evasion
MPRegen  0.12/turn              (no ring)

@: no status effects
A: distributed training, fangs 1, strong nose
a: no special abilities


You were on level 4 of the Dungeon.
You visited 1 branch of the dungeon, and saw 4 of its levels.

You collected 202 gold pieces.

Inventory:

Hand Weapons
 a - a +0 bardiche
 b - a +0 dagger of venom
 r - a +2 spear
 t - a +2 spectral quarterstaff (weapon)
Armour
 d - a +0 robe
 h - a +0 pair of gloves (worn)
 s - a +0 robe of the Archmagi (worn)
 u - a +0 buckler
Jewellery
 j - a +4 ring of evasion (left hand)
Wands
 l - a wand of digging (4)
Scrolls
 e - 5 scrolls of amnesia {unknown}
 f - a scroll of enchant armour {unknown}
 m - 2 scrolls of magic mapping {unknown}
 o - 4 scrolls of identify {unknown}
 p - 2 scrolls of teleportation {unknown}
Potions
 c - 3 potions of curing {unknown}
 g - 2 potions of ambrosia {unknown}
 i - a potion of flight {unknown}
 k - a potion of heal wounds {unknown}
 n - a potion of brilliance {unknown}
 q - a potion of degeneration {unknown}


   Skills:
 + Level 4.6 Fighting
 + Level 1.1 Short Blades
 + Level 1.1 Long Blades
 + Level 1.1 Axes
 + Level 1.1 Maces & Flails
 + Level 1.1 Polearms
 + Level 1.1 Staves
 + Level 1.1 Slings
 + Level 1.1 Bows
 + Level 1.1 Crossbows
 + Level 1.1 Throwing
 + Level 2.7 Armour
 + Level 1.1 Dodging
 + Level 1.1 Stealth
 + Level 2.7 Shields
 + Level 1.1 Unarmed Combat
 + Level 5.1 Spellcasting
 + Level 0.9 Conjurations
 + Level 0.9 Hexes
 + Level 0.9 Summonings
 + Level 0.9 Necromancy
 + Level 5.4 Translocations
 + Level 0.9 Transmutations
 + Level 0.9 Fire Magic
 + Level 0.9 Ice Magic
 + Level 0.9 Air Magic
 + Level 0.9 Earth Magic
 + Level 0.9 Poison Magic
 + Level 1.2 Invocations
 + Level 2.7 Evocations


You had 13 spell levels left.
You didn't know any spells.
Your spell library contained the following spells:

 Spells                   Type           Power        Failure   Level
 Apportation              Tloc           44%          2%          1
 Teleport Other           Tloc           22%          7%          3
 Summon Small Mammal      Summ           28%          14%         1
 Passwall                 Tmut/Erth      5%           22%         2
 Swiftness                Air            7%           22%         2
 Passage of Golubria      Tloc           N/A          22%         4
 Summon Guardian Golem    Hex/Summ       7%           41%         3
 Lee's Rapid Deconstruct  Erth           3%           99%         5
 Invisibility             Hex            7%           100%        6


Dungeon Overview and Level Annotations

Branches:
Dungeon (4/15)
 Temple: D:4-7

Altars:
Cheibriados
Yredelemnul

Annotations:
D:2 1 runed translucent door, Crazy Yiuf
D:3 3 runed translucent doors, dbrn's ghost, amateur HuCj


Innate Abilities, Weirdness & Mutations

Your experience applies equally to all skills.
You have very sharp teeth.
Your uncanny sense of smell can sniff out nearby items.


Message History

Found a stone staircase leading down.
There is a stone staircase leading down here.
Found a hand axe.
You see here a +0 hand axe.
You see here a +0 hand axe.
There is a stone staircase leading down here.
Could not explore, unopened runed door.
(D) Dungeon
Where to? (Enter - D:3, ? - help)
There is a stone staircase leading down here.
You climb downwards.
There is a stone staircase leading up here.
You now have 202 gold pieces (gained 13).
You open the door.
Found 19 poisoned darts.
There is an open door here.
You open the door.
There is an open door here.
Found 24 stones and a buckler.
You see here a +0 buckler.
u - a +0 buckler
Okay, then.
Unknown command.
An ogre comes into view. It is wielding a +0 giant spiked club.
The ogre shouts!
An ogre is nearby!
You thump the ogre!
The ogre is moderately wounded.
The ogre closely misses you.
You barely miss the ogre.
The ogre is moderately wounded.
The ogre closely misses you.
You sock the ogre!
The ogre is heavily wounded.
The ogre hits you with a +0 giant spiked club!!
You sock the ogre!
The ogre is almost dead.
The ogre hits you with a +0 giant spiked club!!
Ouch! That really hurt!
You die...

## . .. #.##.####
........# #
#.##.##.###########
#.#.#.........O@.<..#
#.#.#..##.#########.#
.......^#.# #.#
#.......# #.#
#.#.....#.# #.#
#(........# #.#
######.#### #.# #.#
#.# ##'## #.#


You could see an ogre.

Vanquished Creatures
  3 adders
  4 dart slugs
  A worm (D:2)
  A leopard gecko (D:2)
  2 giant cockroaches
  2 gnoll zombies (D:2)
  5 hobgoblins
  2 quokkas
  5 bats
  4 frilled lizards
  5 goblins
  7 kobolds
  6 rats
47 creatures vanquished.

Notes
Turn   | Place    | Note
-------+----------+-------------------------------------------
     0 | D:1      | ReteAZ the Gnoll Wanderer began the quest for the Orb.
     0 | D:1      | ReteAZ set off with the following items: a +2 spear, a +0
                  | robe; and the following spells available to memorise:
                  | Apportation, Teleport Other, Summon Small Mammal, Summon
                  | Guardian Golem
     0 | D:1      | Reached XP level 1. HP: 20/20 MP: 6/6
   108 | D:1      | Reached XP level 2. HP: 24/26 MP: 7/7
  1003 | D:2      | Reached XP level 3. HP: 31/31 MP: 9/9
  1019 | D:2      | Reached skill level 5 in Spellcasting
  1073 | D:2      | Found a runed translucent door.
  1074 | D:2      | Noticed Crazy Yiuf
  1325 | D:2      | Reached skill level 1 in Invocations
  1328 | D:2      | Found a basalt altar of Yredelemnul.
  1600 | D:2      | Reached skill level 1 in Short Blades
  1600 | D:2      | Reached skill level 1 in Long Blades
  1600 | D:2      | Reached skill level 1 in Axes
  1600 | D:2      | Reached skill level 1 in Maces & Flails
  1600 | D:2      | Reached skill level 1 in Polearms
  1600 | D:2      | Reached skill level 1 in Staves
  1600 | D:2      | Reached skill level 1 in Slings
  1600 | D:2      | Reached skill level 1 in Bows
  1600 | D:2      | Reached skill level 1 in Crossbows
  1600 | D:2      | Reached skill level 1 in Throwing
  1600 | D:2      | Reached skill level 1 in Dodging
  1600 | D:2      | Reached skill level 1 in Stealth
  1600 | D:2      | Reached skill level 1 in Unarmed Combat
  2215 | D:3      | Reached XP level 4. HP: 38/38 MP: 11/11
  2704 | D:3      | Found a snail-covered altar of Cheibriados.
  2928 | D:3      | Found a runed translucent gate.
  2931 | D:3      | Found a runed translucent gate.
  2932 | D:3      | Found a runed translucent gate.
  2936 | D:3      | Noticed dbrn's ghost (amateur HuCj)
  3249 | D:4      | Noticed an ogre
  3259 | D:4      | Mangled by an ogre

Illustrated notes

Levels and vault maps discovered:
D:1:      wander_arrival_fairy_ring, layout_rooms, serial_glass,
          glass_columns_a, glass_columns_b, minmay_misc_feat_chi
D:2:      layout_loops_ring, lemuel_zombie_altar_yredelemnul,
          serial_co_window_serial, co_window_paths_a, co_window_paths_a,
          co_window_paths_a, co_window_paths_a, co_window_corner_a,
          co_window_cross_2, co_window_2corner, co_window_broadway_a,
          co_window_4corner_a, glass_columns_a, glass_columns_b,
          glass_columns_a, glass_columns_a, uniq_crazy_yiuf_cottage
D:3:      layout_loops_ring, cheibriados_altar_1, gammafunk_ghost_split
D:4:      layout_loops_corners, tgw_kikubaaqudgha

Skill      XL: |  1  2  3 |
---------------+----------+-----
Spellcasting   | 5 |  5.1
Invocations    | 1 |  1.2
Short Blades   | 1 |  1.1
Long Blades    | 1 |  1.1
Axes           | 1 |  1.1
Maces & Flails | 1 |  1.1
Polearms       | 1 |  1.1
Staves         | 1 |  1.1
Slings         | 1 |  1.1
Bows           | 1 |  1.1
Crossbows      | 1 |  1.1
Throwing       | 1 |  1.1
Dodging        | 1 |  1.1
Stealth        | 1 |  1.1
Unarmed Combat | 1 |  1.1
Fighting       | |  4.6
Armour         | |  2.7
Shields        | |  2.7
Conjurations   | |  0.9
Hexes          | |  0.9
Summonings     | |  0.9
Necromancy     | |  0.9
Translocations | |  5.4
Transmutations | |  0.9
Fire Magic     | |  0.9
Ice Magic      | |  0.9
Air Magic      | |  0.9
Earth Magic    | |  0.9
Poison Magic   | |  0.9
Evocations     | |  2.7

Action                   |  1- 3 |  4- 6 || total
-------------------------+-------+-------++-------
Melee: Spear             |   104 |     4 ||   108
       Bite              |     7 |     1 ||     8
       Dagger            |     2 |    10 ||    12
       Bardiche          |     8 |    24 ||    32
       Quarterstaff      |       |     4 ||     4
 Stab: Sleeping          |     5 |     2 ||     7
Armor: Robe              |     9 |     3 ||    12
Dodge: Dodged            |    57 |    35 ||    92

Table legend: (Time is in decaauts)
 A = Elapsed time spent in this place.
 B = Non-inter-level travel time spent in this place.
 C = Inter-level travel time spent in this place.
 D = Time resting spent in this place.
 E = Time spent auto-exploring this place.
 F = Levels seen in this place.
 G = Mean time per level.
                   A        B        C        D        E       F      G
               +--------+--------+--------+--------+--------+-----+--------+
         Total |   3291 |   3175 |    116 |      0 |   2766 |   4 |  822.8 |
       Dungeon |   3291 |   3175 |    116 |      0 |   2766 |   4 |  822.8 |
               +--------+--------+--------+--------+--------+-----+--------+

Top non-repeatable levels by time:
     D:2: 1515 daAuts
     D:3: 1040 daAuts
     D:1: 677 daAuts
     D:4: 58 daAuts
